 Dungeon Crawl Stone Soup version 0.31-a0-662-g684573625c (webtiles) character file.

Game seed: 9081669709060327577

3602 SmokeWeed the Carver (level 9, -1/78 HPs)
             Began as a Minotaur Gladiator on Aug 31, 2023.
             Was a Believer of Okawaru.
             Splashed by a brown very ugly thing's acid (7 damage)
             ... on level 1 of the Abyss.
             The game lasted 00:22:09 (6962 turns).

SmokeWeed the Carver (Minotaur Gladiator)           Turns: 6962, Time: 00:22:11

Health: -1/78      AC: 13    Str: 21    XL:     9   Next: 86%
Magic:  7/8        EV: 12    Int:  7    God:    Okawaru [**....]
Gold:   179        SH:  0    Dex: 12    Spells: 8/8 levels left

rFire   . . .        a - +0 long sword
rCold   . . .        s - orb {light}
rNeg    . . .        l - +4 ring mail {Will+}
rPois   .            C - +1 hat
rElec   .            q - +0 cloak
rCorr   .            (no gloves)
SInv    .            (no boots)
Will    +....        (no amulet)
Stlth   +            (no ring)
HPRegen 0.33/turn    (no ring)
MPRegen 0.11/turn

%: no passive effects
@: about to teleport, hasted, glowing, very quick
A: horns 2, retaliatory headbutt
a: Renounce Religion, Heroism


You were on level 1 of the Abyss.
You worshipped Okawaru.
Okawaru was pleased with you.
You visited 2 branches of the dungeon, and saw 9 of its levels.
You visited the Abyss 1 time.

You collected 361 gold pieces.
You spent 182 gold pieces at shops.

Inventory:

Hand Weapons
 a - a +0 long sword (weapon)
 t - a +0 falchion of holy wrath
Missiles
 b - 5 boomerangs (quivered)
 d - 4 throwing nets
 e - a javelin
 j - 53 stones
 A - 16 poisoned darts
Armour
 l - a +4 ring mail of willpower (worn)
 q - a +0 cloak (worn)
 s - an orb of light (worn)
 C - a +1 hat (worn)
Jewellery
 B - a ring of willpower
 I - a ring of protection from fire
Talismans
 r - a beast talisman
Wands
 c - a wand of mindburst (16)
 n - a wand of polymorph (17)
Scrolls
 i - a scroll of amnesia
 o - 2 scrolls of revelation
 y - a scroll of blinking
 z - a scroll of enchant armour
 D - a scroll of fog {unknown}
 G - a scroll of vulnerability {unknown}
 J - a scroll of torment {unknown}
Potions
 f - 6 potions of curing
 g - a potion of ambrosia
 h - a potion of brilliance
 k - a potion of cancellation
 m - a potion of attraction
 u - a potion of enlightenment
 v - a potion of lignification
 w - a potion of invisibility
 x - 2 potions of mutation {unknown}
 F - a potion of heal wounds {unknown}
 H - a potion of berserk rage {unknown}


   Skills:
 + Level 6.8 Fighting
 + Level 10.7 Long Blades
 + Level 6.7 Throwing
 * Level 7.3 Armour
 + Level 5.2 Dodging
 + Level 1.9 Stealth


You had 8 spell levels left.
You didn't know any spells.
Your spell library contained the following spells:

 Spells                   Type           Power      Damage    Failure   Level
 Necrotise                Necr           0%         1d4       56%         1
 Sting                    Tmut/Pois      0%         1d3       56%         1
 Blink                    Tloc           0%         N/A       71%         2
 Poisonous Vapours        Pois/Air       0%         N/A       71%         2
 Dazzling Flash           Conj/Hex       0%         N/A       91%         3
 Vampiric Draining        Necr           0%         2d6       91%         3
 Volatile Blastmotes      Fire/Tloc      0%         2d10      91%         3
 Manifold Assault         Tloc           0%         N/A       100%        4
 Olgreb's Toxic Radiance  Pois           0%         N/A       100%        4
 Agony                    Necr           0%         N/A       100%        5
 Silence                  Hex/Air        0%         N/A       100%        5
 Starburst                Conj/Fire      0%         6d3       100%        6
 Maxwell's Capacitive Co  Air            0%         ∞         100%        8


Dungeon Overview and Level Annotations

Branches:
Dungeon (8/15)             Temple (1/1) D:5
   Lair: D:8-11

Altars:
Cheibriados
Dithmenos
Elyvilon
Fedhas
Hepliaklqana
Kikubaaqudgha
Makhleb
Nemelex Xobeh
Okawaru
Qazlal
Ru
Sif Muna
Trog
Uskayaw
Vehumet
Wu Jian
Xom
Yredelemnul
Zin
The Shining One

Shops:
D:2 [   D:4 (   D:5 [

Annotations:
D:8 Psyche


Innate Abilities, Weirdness & Mutations

You have a pair of horns on your head.
You reflexively headbutt those who attack you in melee.


Message History

The red very ugly thing is severely wounded.
The thrashing horror barely misses you.
The thrashing horror tramples you but does no damage.
The red very ugly thing punches you.
You are covered in liquid flames.
You are covered in liquid flames!
The thrashing horror completely misses you.
The thrashing horror tramples you but does no damage.
You hit the red very ugly thing but do no damage.
The red very ugly thing is severely wounded.
You are covered in liquid flames!
The red very ugly thing basks in the mutagenic energy from its kin and changes!
You slash the brown very ugly thing!
The brown very ugly thing is severely wounded.
You are covered in liquid flames!
The thrashing horror tramples you.
You hold your ground!
The thrashing horror tramples you.
* * * LOW HITPOINT WARNING * * *
You hold your ground!
As you read the scroll of teleportation, it crumbles to dust.
You feel strangely unstable.
You feel the power of the Abyss delaying your translocation!
You are covered in liquid flames!
* * * LOW HITPOINT WARNING * * *
You are no longer on fire.
You hit the brown very ugly thing but do no damage.
You headbutt the brown very ugly thing.
The brown very ugly thing is severely wounded.
The thrashing horror tramples you.
* * * LOW HITPOINT WARNING * * *
You hold your ground!
The thrashing horror tramples you.
* * * LOW HITPOINT WARNING * * *
You hold your ground!
The brown very ugly thing basks in the mutagenic energy from its kin and changes!
You slash the brown very ugly thing!
Your headbutt misses the brown very ugly thing.
The brown very ugly thing is almost dead.
The brown very ugly thing punches you.
* * * LOW HITPOINT WARNING * * *
You are splashed with acid!
You die...

. . .... .... .
....~. ... ## . .
.. .... .. .. .
.#.. .... .. . .. .
.. ..... # . ... #
......#.... #.# . #
#.##.### . . ~~.
###
..#.#.#######.~~~~~
...#
#....X@uuu~~~~~~
###
#.#...#####~~~.~~
~~~... ~~~~.
.~~~~~..# u ~~
#~~~~~ ~.# ~.
#~~~.~~ ## . #~
~~~#~ . ..~~# ~.#


You could see 2 very ugly things, a brown ugly thing and a thrashing horror.

Vanquished Creatures
  A hellion (Abyss:1)
  A silent spectre (Abyss:1)
  Grinder (D:3)
  A small abomination (Abyss:1)
  A large abomination (Abyss:1)
  A wraith (D:7)
  A wyvern (D:7)
  An orc warrior (D:6)
  A black bear (D:4)
  2 ice beasts
  A centaur (D:6)
  A phantom (D:6)
  A kobold brigand (D:6)
  A gnoll sergeant (D:6)
  4 scorpions
  4 wights (D:7)
  3 killer bees (D:7)
  4 electric eels (D:7)
  4 jellies
  6 hounds
  An orc priest (D:5)
  Ijyb (D:3)
  2 iguanas
  A sleepcap (D:4)
  6 orc wizards
  13 gnolls
  6 adders
  6 white imps
  An ufetubus (D:6)
  5 dart slugs
  22 orcs
  8 ball pythons
  4 endoplasms
  3 giant cockroaches (D:1)
  15 goblins
  7 hobgoblins
  12 kobolds
  A quokka (D:2)
  3 training dummies (D:4)
  3 bats (D:1)
  2 frilled lizards
  4 rats
166 creatures vanquished.

Notes
Turn   | Place    | Note
-------+----------+-------------------------------------------
     0 | D:1      | SmokeWeed the Minotaur Gladiator began the quest for the
                  | Orb.
     0 | D:1      | Reached XP level 1. HP: 18/18 MP: 0/0
    96 | D:1      | Reached skill level 4 in Long Blades
   111 | D:1      | Reached XP level 2. HP: 25/25 MP: 1/1
   705 | D:2      | Reached XP level 3. HP: 30/30 MP: 2/2
   788 | D:2      | Found Kumar Upuath's Antique Armour Emporium.
  1186 | D:3      | Noticed a scorpion
  1191 | D:3      | Killed a scorpion
  1192 | D:3      | Reached skill level 5 in Long Blades
  1192 | D:3      | Reached skill level 1 in Armour
  1192 | D:3      | Reached XP level 4. HP: 38/38 MP: 3/3
  1361 | D:3      | Reached XP level 5. HP: 45/45 MP: 4/4
  1433 | D:3      | Reached skill level 6 in Long Blades
  1568 | D:3      | Found a faded altar of an unknown god.
  1811 | D:3      | Noticed Grinder
  1822 | D:3      | Killed Grinder
  1823 | D:3      | Reached XP level 6. HP: 48/51 MP: 5/5
  1952 | D:3      | Reached skill level 7 in Long Blades
  2073 | D:3      | Noticed Ijyb
  2085 | D:3      | Killed Ijyb
  2158 | D:4      | Reached XP level 7. HP: 34/58 MP: 6/6
  2342 | D:4      | Reached skill level 8 in Long Blades
  2342 | D:4      | Reached skill level 1 in Stealth
  2519 | D:4      | Found a sparkling altar of Nemelex Xobeh.
  2648 | D:4      | Found Qajek's Firing Range.
  2819 | D:4      | Found a shimmering blue altar of Sif Muna.
  3060 | D:4      | Found an ancient bone altar of Kikubaaqudgha.
  3354 | D:5      | Entered Level 5 of the Dungeon
  3421 | D:5      | Reached XP level 8. HP: 65/67 MP: 7/7
  3482 | D:5      | Found a staircase to the Ecumenical Temple.
  3505 | Temple   | Entered the Ecumenical Temple
  3528 | Temple   | Became a worshipper of Warmaster Okawaru
  3862 | D:5      | Reached skill level 9 in Long Blades
  3889 | D:5      | Found Geso's Armour Shoppe.
  4280 | D:2      | Bought an embroidered hat for 182 gold pieces
  4387 | D:6      | Reached * piety under Okawaru
  4388 | D:6      | Reached skill level 5 in Fighting
  4602 | D:6      | Found a stormy altar of Qazlal.
  4611 | D:6      | You fall into a shaft and drop 1 floor!
  4827 | D:6      | Found a hazy altar of Hepliaklqana.
  5251 | D:7      | Reached skill level 10 in Long Blades
  5251 | D:7      | Reached XP level 9. HP: 62/75 MP: 8/8
  5368 | D:7      | Reached skill level 5 in Armour
  5396 | D:7      | Reached skill level 5 in Throwing
  5763 | D:7      | Found a snail-covered altar of Cheibriados.
  5763 | D:7      | Found a glowing silver altar of Zin.
  5765 | D:7      | Found a burning altar of Makhleb.
  5766 | D:7      | Found a glowing golden altar of the Shining One.
  5872 | D:7      | Reached ** piety under Okawaru
  6383 | D:7      | Reached skill level 5 in Dodging
  6770 | D:8      | Noticed Psyche
  6853 | Abyss:1  | Cast into level 1 of the Abyss (Psyche)
  6882 | Abyss:1  | Noticed a silent spectre
  6896 | Abyss:1  | Killed a silent spectre
  6927 | Abyss:1  | Noticed a hellion
  6934 | Abyss:1  | Noticed a red ugly thing
  6934 | Abyss:1  | Noticed a red very ugly thing
  6942 | Abyss:1  | Killed a hellion
  6942 | Abyss:1  | Noticed a red very ugly thing
  6946 | Abyss:1  | Noticed a thrashing horror
  6962 | Abyss:1  | Splashed by a brown very ugly thing's acid

Illustrated notes

Levels and vault maps discovered:
D:1:      heliophobic_arrival_battle_scene, layout_loops_ring
D:2:      layout_rooms, serial_shops, shop, minmay_goblin_outpost
D:3:      kennysheep_the_goblin_king, layout_loops_ring,
          shapermc_ecumenical_altar_mp_highgroup, uniq_grinder
D:4:      layout_layer_cave, nicolae_kikubaaqudgha_miasma_corner,
          nicolae_overflow_hidden_temple, kennysheep_orc_sif_temple,
          st_stairs_11, reono_crystal_passage, nicolae_shop_firing_range
D:5:      layout_loops_ring, minmay_temple_entry_mist, serial_shops,
          nicolae_shop_temple_entry_statues_fountains
D:6:      layout_rooms, kennysheep_mini, mainiacjoe_overflow_tiny_flanked,
          kennysheep_nub
D:7:      layout_layer_cave, mainiacjoe_overflow_alcove_3, chequers_big_river
D:8:      wander_kiku_kobolds, layout_basic, cheibrodos_ashenzari_chains,
          lemuel_round_altar, enter_ossuary_5, lightli_church_of_beogh,
          uniq_psyche
Temple:   bh_familiar_temple
Abyss:1:  base:
D:5

Skill      XL: |  1  2  3  4  5  6  7  8  9 |
---------------+----------------------------+-----
Long Blades    | 4 5 6 7 8 10 | 10.7
Fighting       | 3 4 6 |  6.8
Armour         | 1 3 4 7 |  7.3
Dodging        | 4 5 |  5.2
Stealth        | 1 |  1.9
Throwing       | 3 4 6 |  6.7

Action                     |  1- 3 |  4- 6 |  7- 9 || total
---------------------------+-------+-------+-------++-------
  Melee: Long sword        |    71 |    72 |   222 ||   365
         Headbutt          |    12 |    23 |    67 ||   102
  Throw: Stone             |     7 |       |       ||     7
         Throwing net      |     3 |     2 |       ||     5
         Boomerang         |       |     2 |   109 ||   111
 Invoke: Heroism           |       |       |     2 ||     2
    Use: Scroll            |       |    12 |     7 ||    19
         Potion            |       |       |     1 ||     1
   Stab: Held in net/web   |       |     1 |       ||     1
 Armour: Leather armour    |    10 |       |       ||    10
         Ring mail         |    26 |    57 |   168 ||   251
  Dodge: Dodged            |    45 |    60 |   138 ||   243

Table legend: (Time is in decaauts)
 A = Elapsed time spent in this place.
 B = Non-inter-level travel time spent in this place.
 C = Inter-level travel time spent in this place.
 D = Time resting spent in this place.
 E = Time spent auto-exploring this place.
 F = Levels seen in this place.
 G = Mean time per level.
                   A        B        C        D        E       F      G
               +--------+--------+--------+--------+--------+-----+--------+
         Total |   7010 |   6797 |    213 |    765 |   4370 |  10 |  701.0 |
       Dungeon |   6865 |   6652 |    213 |    765 |   4341 |   8 |  858.1 |
        Temple |     45 |     45 |      0 |      0 |      0 |   1 |   45.0 |
         Abyss |     98 |     98 |      0 |      0 |     29 |   1 |   98.0 |
               +--------+--------+--------+--------+--------+-----+--------+

Top non-repeatable levels by time:
     D:7: 1792 daAuts
     D:3: 1164 daAuts
     D:4: 1119 daAuts
     D:5: 782 daAuts
     D:6: 701 daAuts
     D:1: 680 daAuts
     D:2: 618 daAuts
 Abyss:1: 98 daAuts
  Temple: 45 daAuts
     D:8: 7 daAuts
